 Dungeon Crawl Stone Soup version 0.23.2-40-g277498a001 (webtiles) character file.

Game seed: 11975011285565188428

411181 KamiKatze the Hoplite (level 23, -27/192 HPs)
             Began as a Merfolk Berserker on Oct 10, 2019.
             Was the Champion of Trog.
             Killed from afar by Nikola (29 damage)
             ... with a chain lightning
             ... on level 15 of the Dungeon on Oct 15, 2019.
             The game lasted 04:48:34 (60553 turns).

KamiKatze the Hoplite (Merfolk Berserker)          Turns: 60553, Time: 04:48:34

Health: -27/192    AC: 26    Str: 28    XL:     23   Next: 51%
Magic:  33/33      EV: 26    Int: 13    God:    Trog [******]
Gold:   1956       SH: 31    Dex: 20    Spells: 22/22 levels left

rFire    + + .     SeeInvis +   O - +2 demon trident (protect)
rCold    + . .     Gourm    .   d - +0 large shield
rNeg     . . .     Faith    .   f - +8 scale mail of Nidghinn {Int+3}
rPois    +         Spirit   .   o - +1 helmet {SInv}
rElec    .         Reflect  +   x - scarf {rC+ rF+}
rCorr    .         Harm     .   r - +2 pair of gloves of the Gastropod {Str+4 Int-4 Dex+4}
MR       +....                  (no boots)
Stlth    ..........             t - +5 amulet of reflection
HPRegen  0.42/turn              e - ring of Xeapn {rPois Int+5 Slay+2}
MPRegen  0.23/turn              s - ring "Anwiem" {rF+ MP+9 Slay+5 SInv}

@: berserk cooldown, slowed, very slow
A: change form in water, swift swim, stealthy swim, slimy green scales 1, clever
1, screaming 1
}: 2/15 runes: decaying, serpentine
a: Berserk, Trog's Hand, Brothers in Arms, Renounce Religion


You were on level 15 of the Dungeon.
You worshipped Trog.
Trog was exalted by your worship.
You were not hungry.

You visited 8 branches of the dungeon, and saw 37 of its levels.
You visited the Abyss 1 time.
You also visited: Sewer, Ossuary, Ice Cave and Volcano.

You collected 4413 gold pieces.
You spent 2457 gold pieces at shops.

Inventory:

Hand Weapons
 a - a +5 antimagic trident
 O - a +2 demon trident of protection (weapon)
 T - the +4 trident of the Crushed Yaks {venom, +Rage MR+}
   (Trog gifted it to you on level 4 of the Snake Pit)

   It poisons the flesh of those it strikes.
   It affects your resistance to hostile enchantments.
   It lets you go berserk.
Missiles
 u - 22 tomahawks (quivered)
 Y - a throwing net
Armour
 d - a +0 large shield (worn)
 f - the +8 scale mail of Nidghinn (worn) {Int+3}
   (You found it on level 2 of the Lair of Beasts)

   It affects your intelligence (+3).
 o - a +1 helmet of see invisible (worn)
 r - the +2 pair of gloves of the Gastropod (worn) {Str+4 Int-4 Dex+4}
   (You acquired it on level 12 of the Dungeon)

   It affects your strength (+4).
   It affects your intelligence (-4).
   It affects your dexterity (+4).
 x - a scarf of resistance (worn)
 K - a +4 plate armour of positive energy
Jewellery
 e - the ring of Xeapn (left hand) {rPois Int+5 Slay+2}
   (You found it on level 3 of the Snake Pit)

   [ring of poison resistance]

   It affects your intelligence (+5).
   It affects your accuracy and damage with ranged weapons and melee attacks
   (+2).
   It protects you from poison.
 m - a +5 ring of intelligence
 q - an uncursed ring of protection from cold
 s - the ring "Anwiem" (right hand) {rF+ MP+9 Slay+5 SInv}
   (You found it on level 2 of the Vaults)

   [ring of magical power]

   It affects your accuracy and damage with ranged weapons and melee attacks
   (+5).
   It protects you from fire.
   It affects your magic capacity (+9).
   It lets you see invisible.
 t - a +5 amulet of reflection (around neck)
 B - an uncursed ring of flight
 E - an uncursed ring of protection from magic
 X - an uncursed ring of resist corrosion
Wands
 k - a wand of digging (13)
 F - a wand of paralysis (61)
 G - a wand of clouds (12)
 N - a wand of iceblast (51)
 P - a wand of acid (6)
 Q - a wand of flame (105)
 V - a wand of enslavement (41)
 W - a wand of polymorph (26)
Scrolls
 h - 8 scrolls of blinking
 i - 15 scrolls of teleportation
 p - 11 scrolls of remove curse
 y - 18 scrolls of identify
 H - 8 scrolls of fog
 L - 5 scrolls of fear
 S - 3 scrolls of magic mapping
Potions
 b - 9 potions of haste
 g - 8 potions of agility
 l - 13 potions of curing
 n - 5 potions of invisibility
 v - 6 potions of flight
 z - 5 potions of lignification
 A - 11 potions of might
 C - 5 potions of heal wounds
 J - 4 potions of resistance
 M - 2 potions of cancellation
Miscellaneous
 j - a lightning rod (4/4)
Comestibles
 c - 47 rations
 w - 4 chunks of flesh


   Skills:
 + Level 18.4 Fighting
 - Level 16.0 Polearms
 + Level 14.2 Armour
 + Level 20.6 Dodging
 * Level 22.2 Shields
 - Level 2.1 Evocations


You had 22 spell levels left.
You didn't know any spells.
Your spell library was empty.

Dungeon Overview and Level Annotations

Branches:
Dungeon (15/15)            Temple (1/1) D:6            Lair (6/6) D:11
  Swamp (4/4) Lair:2        Snake (4/4) Lair:2        Slime (0/5) Lair:5
    Orc (2/2) D:11            Elf (0/3) Orc:2        Vaults (4/5) D:13
  Crypt (0/3) Vaults:3     Depths (1/5) D:15

Altars:
Ashenzari
Cheibriados
Dithmenos
Elyvilon
Fedhas
Gozag
Hepliaklqana
Kikubaaqudgha
Makhleb
Nemelex Xobeh
Okawaru
Qazlal
Ru
Sif Muna
Trog
Uskayaw
Vehumet
Wu Jian
Xom
Yredelemnul
Zin
The Shining One

Shops:
D:11 (   D:12 *   Orc:2 ![%(   Snake:1 ==}   Snake:2 *   Vaults:1 [%([?
Vaults:2 }   Vaults:4 (*

Annotations:
D:15 Nikola
Vaults:2 2 runed translucent doors, lepoulpe303's ghost, adept HOAK


Innate Abilities, Weirdness & Mutations

You revert to your normal form in water You are very nimble and swift while swimming.
You are very stealthy in the water. (Stealth+)
You are partially covered in slimy green scales. (AC +2)
Your mind is acute. (Int +2)
You occasionally shout uncontrollably at your foes.


Message History

Press: ? - help, Shift-Dir - straight line, f/p - Nikola
Aim: Nikola, wielding a +4 rapier of electrocution, wearing a +0 cloak and wearing a +0 pair of gloves (severely wounded)
You throw a tomahawk. The tomahawk hits Nikola!
Nikola is severely wounded.
Nikola casts a spell.
You hear a mighty clap of thunder!
The lightning arc hits you!!
* * * LOW HITPOINT WARNING * * *
The lightning arc grounds out.
Okay, then.
Your deep troll goes berserk!
You feel quite a bit more hungry.
Nikola mumbles some strange words.
You hear a mighty clap of thunder!
The lightning arc hits your deep troll!!!
The lightning arc hits you!!
* * * LOW HITPOINT WARNING * * *
The lightning arc hits your deep troll!!
The lightning arc hits you!!
You die...

......^....# #.# #.........
...........#####.#######..######.
..........................# #.
..........................# #.
.....#####................# #.
.....# #..........####..# #.
.....# #...[#######..#..# ##
.....# #....#### #..#..# # .....#
#....##@####.##..# # .....#
#....###§T((@(#..# # ####.#
#....# #☼§§#.≈#..# # #.# #....#
#.§§#..#..####### #)#
#...####.####.#......... #)#
#...#......#............
#.#####..<#..#.≈...≈......####
#.........########).......#...
#.........................#...


You could see Nikola and a friendly deep troll (berserk).

Vanquished Creatures
  Jorgrun (Swamp:3)
  Rupert (D:15)
  A lich (Depths:1)
  The ghost of Potoapn the Peltast, an adept MiFi of Okawaru (Snake:3)
  2 titans (Vaults:4)
  Gastronok (D:12)
  2 tentacled starspawn (Abyss:4)
  A sphinx (Vaults:4)
  4 thorn hunters
  A storm dragon (Vaults:4)
  Roxanne (D:14)
  Donald (Swamp:4)
  12 nagarajas
  3 tengu reavers
  A fire giant (shapeshifter) (Vaults:3)
  2 fire giants (Vaults:4)
  3 frost giants
  7 vault wardens
  A deep elf sorcerer (Vaults:3)
  A cacodemon (Abyss:4)
  Aizul (Snake:2)
  The ghost of Higadal the Peltast, a journeyman MiFi of Trog (Lair:3)
  A ghoul (Vaults:4)
  A war gargoyle (Vaults:3)
  15 ironheart preservers
  3 stone giants
  An entropy weaver (Vaults:2)
  2 starcursed masses (Abyss:4)
  Azrael (D:15)
  3 very ugly things (Swamp:4)
  A dire elephant (D:15)
  A deep elf annihilator (Vaults:3)
  2 deep elf demonologists
  2 ettins
  2 green deaths (Swamp:4)
  A death ooze (Swamp:4)
  A fire dragon (Volcano)
  The ghost of Inoczo Coud the Basher, a journeyman DsFi of Wu Jian (Snake:3)
  A jiangshi (Vaults:3)
  A great orb of eyes (Vaults:4)
  7 yaktaur captains
  Erolcha (Orc:1)
  A hell beast (Swamp:4)
  3 vault guards
  A shambling mangrove (Swamp:1)
  19 naga warriors
  5 centaur warriors
  A catoblepas (D:15)
  21 hydras
  7 rakshasas
  45 two-headed ogres
  Erica (D:8)
  6 death knights
  13 anacondas
  A dancing weapon (Lair:3)
  13 alligators
  2 tengu warriors (D:14)
  17 ogre magi
  Urug (D:10)
  3 thrashing horrors
  A deep troll earth mage (Vaults:4)
  3 orc high priests (Orc:2)
  11 naga sharpshooters
  8 shock serpents
  4 deep elf knights (Vaults:3)
  A shadow wraith (Vaults:4)
  A sun demon (Abyss:4)
  20 skeletal warriors
  4 salamander mystics
  A flayed ghost (Vaults:1)
  An unseen horror (shapeshifter) (D:13)
  5 wizards
  A spriggan druid (Swamp:3)
  3 deep trolls (Vaults:4)
  9 naga ritualists
  6 deep elf archers
  5 swamp dragons
  A glowing orange brain (Vaults:2)
  6 necromancers
  A lindwurm (shapeshifter) (Vaults:2)
  Pikel (D:5)
  A tengu zombie (Vaults:2)
  4 mana vipers
  3 phantasmal warriors
  3 oklob plants
  9 ironbrand convokers
  9 deep elf magi
  19 orc knights
  37 ugly things
  4 wolf spiders
  7 orc sorcerers
  A fire giant zombie (Vaults:3)
  A frost giant zombie (Vaults:2)
  16 salamanders
  11 cyclopes
  A stone giant skeleton (Vaults:2)
  3 elephants
  4 ice statues (IceCv)
  34 naga magi
  30 black mambas
  A water nymph (shapeshifter) (Vaults:4)
  9 vault sentinels
  An apocalypse crab (Abyss:4)
  3 guardian serpents
  A torpor snail (Lair:5)
  Maurice (D:8)
  A yaktaur zombie (Vaults:2)
  6 orange demons
  A gargoyle (D:14)
  A spiny frog (shapeshifter) (Vaults:1)
  27 spiny frogs
  2 kobold demonologists (D:11)
  20 yaktaurs
  7 ice devils (IceCv)
  11 komodo dragons
  An ancient zyme (Abyss:4)
  A yaktaur skeleton (Vaults:2)
  13 freezing wraiths
  A jumping spider (Vaults:2)
  A troll (shapeshifter) (Vaults:4)
  6 trolls
  A red devil (Abyss:4)
  2 tengu conjurers (D:14)
  4 polar bears
  A jumping spider (shapeshifter) (Vaults:2)
  A merfolk (D:9)
  A polar bear (shapeshifter) (Vaults:4)
  11 tyrant leeches
  11 hornets
  Prince Ribbit (D:6)
  A blink frog (shapeshifter) (D:12)
  4 bog bodies
  A fire giant simulacrum (Vaults:3)
  84 slime creatures
  27 blink frogs
  12 hippogriffs
  5 dream sheep (Lair:4)
  A raiju (shapeshifter) (Vaults:3)
  A frost giant simulacrum (Vaults:2)
  3 stone giant simulacra
  10 spriggans
  An ettin skeleton (Vaults:3)
  4 shadows
  2 basilisks
  14 wraiths
  8 wyverns
  A human (shapeshifter) (Vaults:2)
  7 fire bats (Volcano)
  A yak (shapeshifter) (Vaults:4)
  28 yaks
  A steam dragon (shapeshifter) (Vaults:3)
  2 fire bats (shapeshifter) (Vaults:3)
  3 fire elementals (D:15)
  A steam dragon (D:11)
  3 human simulacra
  12 vampire mosquitoes
  2 chaos spawn (Abyss:4)
  6 wargs
  2 hungry ghosts
  49 nagas
  A soldier ant (shapeshifter) (Vaults:2)
  14 insubstantial wisps
  5 large abominations (Abyss:4)
  A deep troll zombie (Vaults:3)
  14 swamp worms
  A soldier ant (D:11)
  2 hell hounds (D:15)
  A small abomination (Abyss:4)
  2 acid dragons
  20 water moccasins
  3 porcupines
  10 swamp drakes
  Purgy (Sewer)
  A meliai simulacrum (D:12)
  4 ice beasts
  2 slaves (D:5)
  A black bear (Lair:3)
  A necrophage (D:12)
  37 orc warriors
  A phantom (D:5)
  3 sky beasts
  An elf zombie (Vaults:3)
  2 ogres (shapeshifter)
  5 boggarts
  An eye of draining (D:12)
  55 ogres
  9 wolves
  19 centaurs
  20 crocodiles
  A human skeleton (Vaults:3)
  A crocodile (shapeshifter) (Vaults:1)
  An elf skeleton (Vaults:3)
  6 big kobolds
  4 human zombies
  32 bullfrogs
  A water moccasin zombie (D:7)
  4 scorpions
  13 wights
  An electric eel (Lair:6)
  9 howler monkeys
  7 crimson imps
  3 bullfrog zombies
  4 jellies
  20 orc priests
  A draconian simulacrum (IceCv)
  6 hounds
  A bullfrog skeleton (D:8)
  4 centaur skeletons
  35 orc wizards
  An iguana (D:5)
  16 worker ants
  3 troll simulacra (IceCv)
  A spriggan simulacrum (IceCv)
  A hound zombie (D:5)
  2 mummies
  22 adders
  A gnoll (D:1)
  2 naga simulacra (IceCv)
  3 ogre simulacra (IceCv)
  4 shadow imps
  12 white imps (D:13)
  An ufetubus (Abyss:4)
  An adder zombie (D:9)
  3 adder skeletons
  3 worms
  A dart slug (D:1)
  4 leopard geckos
  92 orcs
  2 ball pythons
  5 giant cockroaches
  4 goblins (D:1)
  4 hobgoblins
  8 jackals
  5 quokkas
  8 bats
  14 frilled lizards
  5 gnoll skeletons (Ossuary)
  A goblin zombie (D:4)
  A hobgoblin zombie (D:4)
  18 kobolds
  7 kobold skeletons (Ossuary)
  13 orc skeletons (Ossuary)
  A quokka skeleton (D:4)
  16 rats
  A briar patch (Swamp:4)
  A plant (Volcano)
1669 creatures vanquished.

Vanquished Creatures (others)
  A stone giant (Vaults:3)
  Nessos (D:14)
  Josephine (D:15)
  A yaktaur captain (Vaults:2)
  A naga warrior (Snake:3)
  2 two-headed ogres
  A deep elf knight (Vaults:1)
  2 cyclopes (Vaults:2)
  A black mamba (Snake:4)
  A vault sentinel (Vaults:4)
  16 yaktaurs
  2 wyverns (Volcano)
  A steam dragon (Volcano)
  An ogre (D:6)
  3 centaurs
  2 orcs (D:6)
  A kobold (D:9)
  12 fungi
  61 plants
  2 starspawn tentacles (Abyss:4)
113 creatures vanquished.

Grand Total: 1782 creatures vanquished

Notes
Turn   | Place    | Note
-------+----------+-------------------------------------------
     0 | D:1      | KamiKatze the Merfolk Berserker began the quest for the
                  | Orb.
     0 | D:1      | Reached XP level 1. HP: 18/18 MP: 1/1
   103 | D:1      | Reached skill level 5 in Polearms
   103 | D:1      | Reached XP level 2. HP: 22/24 MP: 2/2
   475 | D:1      | Reached XP level 3. HP: 30/30 MP: 3/3
   814 | D:2      | Reached ** piety under Trog
   947 | D:2      | Reached XP level 4. HP: 37/37 MP: 4/4
  1276 | D:2      | Reached XP level 5. HP: 31/43 MP: 5/5
  1365 | D:2      | Found an ornate altar of the Wu Jian Council.
  1454 | D:2      | Found a bloodstained altar of Trog.
  2428 | D:3      | Reached *** piety under Trog
  2435 | D:3      | Found a deep blue altar of Sif Muna.
  2465 | D:3      | Reached XP level 6. HP: 43/50 MP: 6/6
  2468 | D:3      | Identified Sif Muna's Papyrus of Calling
  2706 | D:4      | Found a sand-covered staircase.
  2721 | D:4      | Reached skill level 5 in Fighting
  2740 | Ossuary  | Entered an ossuary
  2740 | Ossuary  | Noticed a wraith
  2740 | Ossuary  | Noticed a wraith
  2740 | Ossuary  | Noticed a wraith
  2913 | Ossuary  | Received a gift from Trog
  3227 | Ossuary  | Noticed a wraith
  3264 | Ossuary  | Killed a wraith
  3264 | Ossuary  | Reached XP level 7. HP: 37/56 MP: 7/7
  3585 | D:4      | Reached skill level 10 in Polearms
  3643 | D:4      | Reached **** piety under Trog
  3758 | D:4      | Reached XP level 8. HP: 34/64 MP: 8/8
  4165 | D:4      | Reached skill level 1 in Evocations
  4281 | D:5      | Entered Level 5 of the Dungeon
  4725 | D:5      | Found a glowing drain.
  4729 | Sewer    | Entered a sewer
  4751 | Sewer    | Noticed Purgy
  4806 | Sewer    | Killed Purgy
  5118 | D:5      | You fall through a shaft!
  5152 | D:6      | Noticed Pikel
  5157 | D:5      | Found a stormy altar of Qazlal.
  5310 | D:5      | Reached skill level 5 in Dodging
  5310 | D:5      | Reached XP level 9. HP: 57/72 MP: 10/10
  5734 | D:5      | Killed Pikel
  5990 | D:6      | Found a staircase to the Ecumenical Temple.
  6014 | Temple   | Entered the Ecumenical Temple
  6159 | D:6      | Noticed Prince Ribbit
  6187 | D:6      | Killed Prince Ribbit
  6277 | D:6      | Found a blossoming altar of Fedhas.
  6812 | D:7      | Found a hazy altar of Hepliaklqana.
  6966 | D:7      | Reached XP level 10. HP: 79/80 MP: 11/11
  7661 | D:7      | Found a shimmering altar of Xom.
  7661 | D:7      | Found a stormy altar of Qazlal.
  7844 | D:8      | Reached ***** piety under Trog
  7851 | D:8      | Noticed Maurice
  7876 | D:8      | Killed Maurice
  8274 | D:8      | Found a white marble altar of Elyvilon.
  8295 | D:8      | Noticed a two-headed ogre
  8307 | D:8      | Killed a two-headed ogre
  8372 | D:8      | Noticed Erica
  8385 | D:8      | Killed Erica
  8385 | D:8      | Reached skill level 5 in Armour
  9686 | D:9      | Reached XP level 11. HP: 89/89 MP: 12/12
  9920 | D:10     | Entered Level 10 of the Dungeon
  9979 | D:10     | Noticed Urug
 10003 | D:10     | Killed Urug
 11137 | D:11     | Reached skill level 10 in Fighting
 11140 | D:11     | Found a shimmering altar of Xom.
 11402 | D:11     | Reached skill level 10 in Dodging
 11527 | D:11     | Found Liamp's Weapon Shop.
 11531 | D:11     | Found a staircase to the Lair.
 11545 | D:11     | Found a staircase to the Orcish Mines.
 11898 | Lair:1   | Entered Level 1 of the Lair of Beasts
 12214 | Lair:1   | Found an ancient bone altar of Kikubaaqudgha.
 12214 | Lair:1   | Noticed an oklob plant
 12670 | Lair:1   | Received a gift from Trog
 13309 | Lair:2   | Found a staircase to the Swamp.
 13309 | Lair:2   | Noticed a seven-headed hydra
 13309 | Lair:2   | Noticed a six-headed hydra
 13485 | Lair:2   | Killed a six-headed hydra
 13485 | Lair:2   | Reached XP level 12. HP: 96/99 MP: 13/13
 13836 | Lair:2   | Found a staircase to the Snake Pit.
 14123 | Lair:2   | Killed a seven-headed hydra
 14344 | Lair:2   | Got a translucent scale mail
 14355 | Lair:2   | Identified the +8 scale mail of Nidghinn {Int+3} (You found
                  | it on level 2 of the Lair of Beasts)
 15552 | Lair:3   | Found a runed translucent door.
 15552 | Lair:3   | Found a shimmering altar of Xom.
 15552 | Lair:3   | Noticed Higadal's ghost (journeyman MiFi)
 15552 | Lair:3   | Identified the +11 rapier of the Twenty Cities {chaos, rN+}
 15552 | Lair:3   | Noticed a +11 rapier of the Twenty Cities {chaos, rN+}
 16620 | Lair:4   | Found the +8 whip "Snakebite" {curare, rPois}
 16845 | Lair:4   | Reached XP level 13. HP: 27/107 MP: 14/14
 17183 | Lair:4   | Received a gift from Trog
 17324 | Lair:4   | Reached skill level 1 in Shields
 17670 | Lair:4   | Reached skill level 10 in Armour
 17670 | Lair:4   | Reached skill level 2 in Shields
 18236 | Lair:5   | Reached skill level 3 in Shields
 18253 | Lair:5   | Found a dark tunnel.
 18259 | Volcano  | Entered a volcano
 18679 | Volcano  | Reached skill level 4 in Shields
 19205 | Volcano  | Noticed a fire dragon
 19236 | Volcano  | Killed a fire dragon
 19236 | Volcano  | Reached skill level 5 in Shields
 20127 | Lair:5   | Found a staircase to the Slime Pits.
 20414 | Orc:1    | Entered Level 1 of the Orcish Mines
 20425 | Orc:1    | Noticed Erolcha
 20439 | Orc:1    | Killed Erolcha
 20554 | Orc:1    | Received a gift from Trog
 20760 | Orc:1    | Reached skill level 6 in Shields
 20934 | Orc:1    | You fall through a shaft!
 20934 | Orc:2    | Entered Level 2 of the Orcish Mines
 21024 | Orc:1    | Paralysed by an orc sorcerer for 7 turns
 21244 | Orc:1    | Reached XP level 14. HP: 84/116 MP: 15/15
 22104 | Orc:2    | Found a staircase to the Elven Halls.
 22303 | Orc:2    | Paralysed by an orc sorcerer for 4 turns
 22437 | Orc:2    | Received a gift from Trog
 22437 | Orc:2    | Reached skill level 7 in Shields
 22902 | Orc:2    | Paralysed by an orc sorcerer for 4 turns
 23543 | Orc:2    | Paralysed by an orc sorcerer for 6 turns
 23684 | Orc:2    | Found Kubress's Food Boutique.
 23684 | Orc:2    | Found Teaco Tumamp's Weapon Emporium.
 23686 | Orc:2    | Found Umente's Distillery.
 23686 | Orc:2    | Found Gapt's Armour Emporium.
 24120 | D:12     | Noticed Gastronok
 24158 | D:12     | Killed Gastronok
 24158 | D:12     | Reached skill level 8 in Shields
 24367 | D:12     | Found Oqaxec's Assorted Antiques.
 24372 | D:12     | Bought a scroll labeled KUAZUPNEHUT for 31 gold pieces
 24373 | D:12     | Got a pair of bloodstained gloves
 24384 | D:12     | Identified the +2 pair of gloves of the Gastropod {Str+4
                  | Int-4 Dex+4} (You acquired it on level 12 of the Dungeon)
 24631 | D:12     | Got a smoking spear
 24717 | D:11     | Identified the +11 spear of Analysis {protect, Fragile
                  | rPois Int+7} (You found it on level 12 of the Dungeon)
 24963 | D:12     | Found a runed translucent door.
 24966 | D:12     | Found a runed translucent door.
 24984 | D:12     | Received a gift from Trog
 25445 | D:12     | Identified the Tome of Ashen Unholy Magic
 25474 | D:12     | Identified the Incunabulum of Dusty Boosts
 25493 | D:12     | Reached skill level 9 in Shields
 25622 | D:12     | Bought a scroll of magic mapping for 108 gold pieces
 25798 | D:13     | Found a frozen archway.
 25806 | IceCv    | Entered an ice cave
 26204 | IceCv    | Reached XP level 15. HP: 116/125 MP: 16/16
 26772 | D:13     | Reached skill level 15 in Dodging
 26842 | D:13     | Reached skill level 10 in Shields
 26855 | D:13     | Found a gate to the Vaults.
 26986 | D:13     | Received a gift from Trog
 27231 | D:13     | You fall through a shaft for 2 floors!
 27231 | D:15     | Entered Level 15 of the Dungeon
 27288 | D:15     | Noticed Azrael
 27289 | D:15     | Noticed Josephine
 28033 | D:13     | You fall through a shaft for 2 floors!
 28532 | D:14     | Identified the +9 battleaxe "Ikkipiz" {protect, rN+}
 28532 | D:14     | Noticed Nessos
 28546 | D:14     | Killed Nessos
 28969 | D:14     | Reached skill level 11 in Shields
 28982 | D:14     | Received a gift from Trog
 29200 | D:14     | Noticed Roxanne
 29635 | D:14     | Killed Roxanne
 29977 | D:15     | Killed Josephine
 30000 | D:15     | Killed Azrael
 30654 | D:15     | Reached XP level 16. HP: 134/134 MP: 5/17
 30676 | D:15     | Noticed Rupert
 30712 | D:15     | Killed Rupert
 30791 | D:15     | Found a staircase to the Depths.
 31405 | Lair:6   | Entered Level 6 of the Lair of Beasts
 31556 | Lair:6   | Reached skill level 12 in Shields
 32492 | Lair:6   | Received a gift from Trog
 32560 | Lair:6   | Reached ****** piety under Trog
 33516 | Swamp:1  | Entered Level 1 of the Swamp
 33633 | Swamp:1  | Reached skill level 15 in Fighting
 33701 | Lair:2   | Reached skill level 15 in Polearms
 34216 | Swamp:1  | Received a gift from Trog
 34222 | Swamp:1  | Cast into level 4 of the Abyss (a distortion unwield)
 34529 | Abyss:4  | Noticed a tentacled starspawn
 34542 | Abyss:4  | Killed a tentacled starspawn
 34612 | Abyss:4  | Gained mutation: You tend to lose your temper in combat. [a
                  | cacodemon]
 34690 | Abyss:4  | Reached skill level 13 in Shields
 34745 | Abyss:4  | Noticed a tentacled starspawn
 34770 | Abyss:4  | Killed a tentacled starspawn
 34770 | Abyss:4  | Reached XP level 17. HP: 142/142 MP: 6/18
 34772 | Swamp:1  | Escaped the Abyss
 35305 | Swamp:1  | Lost mutation: You tend to lose your temper in combat.
                  | [potion of mutation]
 35305 | Swamp:1  | Gained mutation: You are partially covered in thin metallic
                  | scales. (AC +2) [potion of mutation]
 35305 | Swamp:1  | Gained mutation: You have a beak for a mouth. [potion of
                  | mutation]
 35305 | Swamp:1  | Gained mutation: You are weak. (Str -2) [potion of
                  | mutation]
 35305 | Swamp:1  | Gained mutation: You are partially covered in slimy green
                  | scales. (AC +2) [potion of mutation]
 35461 | Lair:1   | Lost mutation: You are partially covered in thin metallic
                  | scales. (AC +2) [potion of mutation]
 35461 | Lair:1   | Lost mutation: You are weak. (Str -2) [potion of mutation]
 35461 | Lair:1   | Lost mutation: You have a beak for a mouth. [potion of
                  | mutation]
 35461 | Lair:1   | Gained mutation: You occasionally shout uncontrollably at
                  | your foes. [potion of mutation]
 35461 | Lair:1   | Gained mutation: Your mind is acute. (Int +2) [potion of
                  | mutation]
 37012 | Swamp:3  | Received a gift from Trog
 37144 | Swamp:3  | Noticed Jorgrun
 37258 | Swamp:3  | Killed Jorgrun
 37552 | Swamp:4  | Entered Level 4 of the Swamp
 37700 | Swamp:3  | Reached skill level 14 in Shields
 40092 | Swamp:4  | Received a gift from Trog
 40093 | Swamp:4  | Got a dazzling glaive {god gift}
 40516 | Swamp:4  | Reached XP level 18. HP: 151/151 MP: 6/19
 40680 | Swamp:4  | Noticed Donald
 40698 | Swamp:4  | Killed Donald
 40950 | Swamp:4  | Got a decaying rune of Zot
 41222 | Lair:1   | Identified the +8 glaive of the Pharaoh's Fist {flame, rF+
                  | Str+2} (Trog gifted it to you on level 4 of the Swamp)
 41323 | Snake:1  | Entered Level 1 of the Snake Pit
 41436 | Snake:1  | Reached skill level 15 in Shields
 41854 | Snake:1  | Found Pinic's Gadget Boutique.
 41854 | Snake:1  | Found Nailem's Jewellery Emporium.
 41855 | Snake:1  | Found Rerip's Jewellery Emporium.
 41900 | Snake:2  | Found Xiorru's Mayhem Merchandise.
 41901 | Snake:2  | Noticed Aizul
 41935 | Snake:2  | Killed Aizul
 42543 | Snake:1  | Received a gift from Trog
 45153 | Snake:3  | Found a runed translucent gate.
 45263 | Snake:3  | Received a gift from Trog
 45523 | Snake:3  | Reached XP level 19. HP: 158/159 MP: 6/20
 45681 | Snake:3  | Found a runed translucent gate.
 45682 | Snake:3  | Found a runed translucent gate.
 45692 | Snake:3  | Noticed Potoapn's ghost (adept MiFi)
 45692 | Snake:3  | Noticed Inoczo Coud's ghost (journeyman DsFi)
 45869 | Snake:3  | Reached skill level 16 in Shields
 46301 | Snake:4  | Entered Level 4 of the Snake Pit
 46942 | Snake:4  | Received a gift from Trog
 46952 | Snake:4  | Got a slimy trident {god gift}
 46960 | Snake:3  | Identified the +4 trident of the Crushed Yaks {venom, +Rage
                  | MR+} (Trog gifted it to you on level 4 of the Snake Pit)
 47111 | Snake:4  | Got a steaming broad axe
 47112 | Snake:4  | Identified the cursed +2 broad axe "Ycuniupt" {antimagic,
                  | +Rage rF- Str+5 Dex+3} (You found it on level 4 of the
                  | Snake Pit)
 47379 | Snake:4  | Reached skill level 17 in Shields
 48652 | Snake:4  | Received a gift from Trog
 48845 | Snake:4  | Reached skill level 18 in Shields
 49016 | Snake:4  | Got a serpentine rune of Zot
 49418 | Lair:3   | Killed Higadal's ghost
 49651 | Snake:3  | Killed Potoapn's ghost
 49696 | Snake:3  | Killed Inoczo Coud's ghost
 49758 | Snake:3  | Got a translucent platinum ring
 49761 | Snake:3  | Identified the ring of Xeapn {rPois Int+5 Slay+2} (You
                  | found it on level 3 of the Snake Pit)
 50145 | Vaults:1 | Entered Level 1 of the Vaults
 50406 | Vaults:1 | Reached XP level 20. HP: 161/167 MP: 21/21
 50626 | Vaults:1 | Found Nosem's Weapon Emporium.
 50861 | Vaults:1 | You fall through a shaft!
 51057 | Vaults:2 | Reached skill level 19 in Shields
 51130 | Vaults:2 | Got a slimy platinum ring
 51134 | Vaults:2 | Identified the ring "Anwiem" {rF+ MP+9 Slay+5 SInv} (You
                  | found it on level 2 of the Vaults)
 51149 | Vaults:2 | Received a gift from Trog
 51540 | Vaults:2 | Found Gienu's Gadget Shoppe.
 51911 | Vaults:2 | You fall through a shaft!
 52331 | Vaults:1 | Reached skill level 20 in Shields
 52424 | Vaults:1 | Found Plog's Antique Armour Shop.
 52627 | Vaults:1 | Found Vutoruf's Magic Scroll Boutique.
 52867 | Vaults:1 | Found Bionoor's Antique Armour Shop.
 52885 | Vaults:1 | Found Moruup's Food Boutique.
 53143 | Vaults:1 | Received a gift from Trog
 53664 | Vaults:2 | Noticed lepoulpe303's ghost (adept HOAK)
 53665 | Vaults:2 | Found a large runed translucent door.
 53665 | Vaults:2 | Found a large runed translucent door.
 54124 | Vaults:2 | Reached XP level 21. HP: 162/174 MP: 22/22
 54195 | Vaults:2 | Received a gift from Trog
 55940 | Vaults:3 | Received a gift from Trog
 56409 | Vaults:3 | Reached skill level 21 in Shields
 56675 | D:12     | Bought a heavily runed chain mail for 294 gold pieces
 56685 | D:12     | Identified the +1 chain mail "Byz Eraf" {+Blink Str-4
                  | Int+4} (You bought it in a shop on level 12 of the Dungeon)
 56857 | Vaults:1 | Bought a shiny plate armour for 702 gold pieces
 57129 | Vaults:3 | Received a gift from Trog
 57567 | Vaults:3 | Found a staircase to the Crypt.
 58575 | Vaults:4 | Received a gift from Trog
 58575 | Vaults:4 | Reached XP level 22. HP: 183/184 MP: 23/23
 58700 | Vaults:4 | Found Poeqept's Weapon Emporium.
 58768 | Vaults:4 | Reached XP level 23. HP: 190/190 MP: 24/24
 59124 | Vaults:4 | Reached skill level 22 in Shields
 59671 | Vaults:4 | Received a gift from Trog
 60030 | Vaults:4 | Found Xejixaxt's Assorted Antiques.
 60039 | Vaults:4 | Bought a scroll of teleportation for 147 gold pieces
 60039 | Vaults:4 | Bought a scroll of enchant weapon for 367 gold pieces
 60039 | Vaults:4 | Bought a potion of haste for 490 gold pieces
 60039 | Vaults:4 | Bought a scroll of teleportation for 147 gold pieces
 60039 | Vaults:4 | Bought a scroll of magic mapping for 171 gold pieces
 60445 | Depths:1 | Entered Level 1 of the Depths
 60504 | Depths:1 | Noticed Nikola
 60553 | D:15     | HP: 2/192 [Nikola/chain lightning (28)]
 60553 | D:15     | Killed from afar by Nikola

Skill      XL: |  1  2  3  4  5  6  7  8  9 10 11 12 13 14 15 16 17 18 19 20 21 22 23 |
---------------+----------------------------------------------------------------------+-----
Polearms       | 5 6 7 8 9 10 12 13 14 15 16 | 16.0
Fighting       | 4 5 6 7 8 9 10 11 12 13 14 15 16 17 18 | 18.4
Dodging        | 3 5 6 9 10 12 13 14 15 16 17 18 19 20 | 20.6
Armour         | 2 4 5 7 9 10 11 12 13 14 | 14.2
Evocations     | 2 |  2.1
Shields        | 6 9 11 13 14 15 18 20 21 22 | 22.2

Action                   |  1- 3 |  4- 6 |  7- 9 | 10-12 | 13-15 | 16-18 | 19-21 | 22-24 || total
-------------------------+-------+-------+-------+-------+-------+-------+-------+-------++-------
Melee: Spear             |   107 |   364 |   669 |  1534 |  2021 |    34 |       |       ||  4729
       Tailslap          |       |       |     4 |       |       |   119 |       |       ||   123
       Trident           |       |       |       |       |   722 |  2968 |  2952 |       ||  6642
       Demon trident     |       |       |       |       |       |       |   225 |   393 ||   618
Throw: Stone             |     1 |       |       |     1 |     5 |       |     2 |       ||     9
       Tomahawk          |       |       |     7 |     2 |     2 |       |       |     1 ||    12
       Javelin           |       |       |       |    13 |    28 |    18 |    13 |     3 ||    75
Invok: Berserk           |     1 |     3 |     5 |    10 |     2 |     4 |     4 |     2 ||    31
       Trog's Hand       |       |     1 |     3 |     7 |     9 |     5 |    11 |       ||    36
       Brothers in Arms  |       |       |       |       |     1 |       |       |     1 ||     2
 Abil: Stop Flying       |       |       |       |       |     2 |       |       |       ||     2
       Evoke Flight      |       |       |       |       |     2 |       |       |       ||     2
Evoke: Lightning rod     |       |       |       |       |       |       |     1 |       ||     1
       Wand              |       |       |       |       |       |       |       |     1 ||     1
  Use: Scroll            |       |     9 |     3 |    16 |     7 |     3 |     6 |     1 ||    45
       Potion            |       |       |       |       |       |     8 |     2 |     1 ||    11
 Stab: Sleeping          |       |       |     3 |       |       |       |       |       ||     3
       Distracted        |       |       |     1 |       |       |     5 |       |       ||     6
       Confused          |       |       |       |       |       |     1 |       |       ||     1
  Eat: Chunk             |       |     9 |    17 |    36 |    36 |    24 |    26 |     5 ||   153
       Ration            |       |     1 |       |     3 |     4 |     9 |     8 |     1 ||    26
Armor: Animal skin       |     1 |       |       |       |       |       |       |       ||     1
       Ring mail         |    22 |    44 |    37 |       |       |       |       |       ||   103
       Scale mail        |       |       |    37 |   178 |   285 |   286 |   263 |    30 ||  1079
       Chain mail        |       |       |       |    25 |       |       |       |       ||    25
Dodge: Dodged            |    42 |   106 |   176 |   488 |   767 |  1046 |   650 |    88 ||  3363
Block: Other             |       |    24 |    59 |   152 |    31 |       |       |       ||   266
       Reflection        |       |       |     2 |     2 |    71 |    64 |   162 |    47 ||   348
       Buckler           |       |       |       |       |   555 |       |       |       ||   555
       Shield            |       |       |       |       |   172 |  1669 |   735 |       ||  2576
       Large shield      |       |       |       |       |       |       |  1250 |   338 ||  1588
